 Dungeon Crawl Stone Soup version 0.22.1-1-ga44c0e56f4 (webtiles) character file.

7493 Ihlosi the Fighter (level 11, -7/130 HPs)
             Began as an Ogre Gladiator on Nov 4, 2018.
             Was an Elder of Okawaru.
             Mangled by a red ugly thing (17 damage)
             ... on level 11 of the Dungeon.
             The game lasted 00:53:30 (11484 turns).

Ihlosi the Fighter (Ogre Gladiator)                Turns: 11484, Time: 00:53:31

Health: -7/130     AC:  3    Str: 20    XL:     11   Next: 16%
Magic:  15/15      EV: 16    Int: 11    God:    Okawaru [****..]
Gold:   296        SH:  0    Dex: 19    Spells: 12/12 levels left

rFire    . . .     SeeInvis .   F - +0 falchion (freeze)
rCold    . . .     Gourm    .   (no shield)
rNeg     . . .     Faith    .   q - +0 robe
rPois    +         Spirit   .   c - +0 hat
rElec    .         Reflect  .   (no cloak)
rCorr    .         Harm     .   (gloves unavailable)
MR       +....                  (boots unavailable)
Stlth    ++........             s - amulet of regeneration
HPRegen  0.71/turn              a - +4 ring of dexterity
MPRegen  0.14/turn              m - ring of poison resistance

@: no status effects
A: large, unfitting armour, agile 1, clever 1, tough skin 1
a: Heroism, Renounce Religion


You were on level 11 of the Dungeon.
You worshipped Okawaru.
Okawaru was greatly pleased with you.
You were not hungry.

You visited 1 branch of the dungeon, and saw 12 of its levels.

You collected 686 gold pieces.
You spent 390 gold pieces at shops.

Inventory:

Hand Weapons
 b - a +2 hand axe of venom
 d - a +3 giant spiked club
 p - a +2 spear of flaming
 F - a +0 falchion of freezing (weapon)
 L - a +3 short sword of venom
Armour
 c - a +0 hat (worn)
 q - a +0 robe (worn)
Jewellery
 a - a +4 ring of dexterity (left hand)
 j - an uncursed ring of resist corrosion
 m - a ring of poison resistance (right hand)
 r - a +1 ring of evasion
 s - an amulet of regeneration (around neck)
 w - an uncursed ring of positive energy
 z - an uncursed ring of flight
 D - an uncursed amulet of faith
 O - the ring "Exiviz" {rElec rPois rC- Int+3}
   (You found it on level 9 of the Dungeon)

   [ring of poison resistance]

   It affects your intelligence (+3).
   It makes you vulnerable to cold.
   It insulates you from electricity.
   It protects you from poison.
 S - an uncursed ring of stealth
Wands
 h - a wand of acid (2)
 i - a wand of paralysis (2)
 o - a wand of random effects (38)
 E - a wand of digging (16)
 J - a wand of flame (53)
 P - a wand of scattershot (3)
Scrolls
 g - 4 scrolls of enchant armour
 k - a scroll of torment
 l - 2 scrolls of teleportation
 n - 5 scrolls of identify
 t - 3 scrolls of immolation
 u - 6 scrolls of remove curse
 y - 2 scrolls of fog
 A - a scroll of amnesia
 H - a scroll of magic mapping
Potions
 I - 4 potions of curing
 K - a potion of flight
 N - a potion of degeneration {unknown}
 T - 2 potions of might
 U - a potion of invisibility
 V - a potion of haste
Comestibles
 f - 18 rations


   Skills:
 + Level 14.2 Fighting
 * Level 6.6 Maces & Flails
 * Level 4.6 Throwing
 - Level 1.0 Armour
 + Level 7.8 Dodging
 - Level 1.0 Spellcasting
 * Level 5.5 Invocations
 - Level 1.0 Evocations


You had 12 spell levels left.
You didn't know any spells.
Your spell library contained the following spells:

 Spells                   Type           Power        Failure   Level  Hunger
 Beastly Appendage        Tmut           #.....       32%         1    ##.....
 Magic Dart               Conj           #...         32%         1    ##.....
 Blink                    Tloc           N/A          43%         2    ###....
 Call Imp                 Summ           #.......     43%         2    ###....
 Slow                     Hex            #.......     43%         2    ###....
 Sticks to Snakes         Tmut           #.......     43%         2    ###....
 Conjure Flame            Conj/Fire      #.......     67%         3    ####...
 Mephitic Cloud           Conj/Pois/Air  #.......     67%         3    ####...
 Spider Form              Tmut/Pois      #.........   67%         3    ####...
 Ice Form                 Ice/Tmut       #.......     97%         4    #####..
 Blade Hands              Tmut           #.........   100%        5    ######.


Dungeon Overview and Level Annotations

Branches:
Dungeon (12/15)            Temple (0/1) D:7            Lair (0/6) D:10
    Orc (0/2) D:10

Altars:
Ashenzari
Elyvilon
Gozag
Hepliaklqana
Makhleb
Nemelex Xobeh
Okawaru
Sif Muna
Trog
Vehumet
Wu Jian
Yredelemnul
The Shining One

Shops:
D:9 !

Annotations:
D:10 Erolcha!, Erolcha, Fannar, Nergalle
D:11 2 runed doors, greentea's ghost, journeyman MiBe


Innate Abilities, Weirdness & Mutations

You are too large for most types of armour.
You have tough skin. (AC +1)
You are agile. (Dex +2)
Your mind is acute. (Int +2)


Message History

The red ugly thing bites you.
You are engulfed in flames!
You closely miss the red ugly thing.
The red ugly thing is almost dead.
The red ugly thing bites you!
* * * LOW HITPOINT WARNING * * *
You are engulfed in flames!
* * * LOW HITPOINT WARNING * * *
You feel much better. The red ugly thing bites you!
* * * LOW HITPOINT WARNING * * *
You are engulfed in flames!
* * * LOW HITPOINT WARNING * * *
You hit the red ugly thing. You freeze the red ugly thing.
The red ugly thing is almost dead.
The red ugly thing bites you but does no damage.
You hit the red ugly thing but do no damage.
The red ugly thing is almost dead.
The red ugly thing misses you. The red ugly thing bites you.
* * * LOW HITPOINT WARNING * * *
You are engulfed in flames!
You die...

######..##.#
.........#.######
.......u...).)..#
................+
................#
....####........#
....# #........#
....# ##..########
....#####.>(.(.u@.#
##.....##########.#
#.###.##########.#
#.# #............#
#.###########....#
#................#
##############...#
#......#...#
#.####.#...#


You could see a red ugly thing.

Vanquished Creatures
  Harold (D:7)
  3 two-headed ogres
  An unseen horror (D:8)
  A cyclops (D:11)
  2 centaur skeletons
  A troll (D:11)
  2 yaks (D:9)
  A warg (D:10)
  A sky beast (D:11)
  2 ice beasts
  An orc warrior (D:9)
  An eye of draining (D:8)
  A phantom (D:5)
  A black bear (D:8)
  8 ogres
  A big kobold (D:9)
  5 bullfrogs
  A wyvern skeleton (D:11)
  3 wights (D:8)
  3 killer bees (D:9)
  A howler monkey (D:7)
  A bullfrog zombie (D:9)
  3 crimson imps
  A quasit (D:10)
  A jelly (D:11)
  An orc priest (D:4)
  A gnoll shaman (D:7)
  A hound (D:8)
  5 orc wizards
  Jessica (D:2)
  2 iguanas
  5 worker ants
  2 hound zombies
  2 howler monkey zombies
  2 worker ant zombies
  9 gnolls
  9 adders
  4 shadow imps
  2 oozes
  An adder zombie (D:7)
  An adder skeleton (D:7)
  4 worms
  A dart slug (D:1)
  4 leopard geckos
  12 orcs
  9 bats
  11 giant cockroaches
  4 hobgoblins (D:2)
  12 jackals
  2 quokkas
  2 ball pythons
  8 frilled lizards
  10 goblins
  10 kobolds
  A leopard gecko zombie (D:6)
  A quokka zombie (D:6)
  6 rats
192 creatures vanquished.

Notes
Turn   | Place    | Note
-------+----------+-------------------------------------------
     0 | D:1      | Ihlosi the Ogre Gladiator began the quest for the Orb.
     0 | D:1      | Reached XP level 1. HP: 22/22 MP: 1/1
    16 | D:1      | Reached skill level 3 in Fighting
    16 | D:1      | Reached XP level 2. HP: 7/31 MP: 2/2
   512 | D:1      | Reached XP level 3. HP: 30/39 MP: 3/3
   664 | D:1      | Reached skill level 4 in Fighting
  1521 | D:2      | Reached XP level 4. HP: 48/49 MP: 4/4
  1609 | D:2      | Reached skill level 5 in Fighting
  1713 | D:2      | Found a sparkling altar of Nemelex Xobeh.
  1713 | D:2      | Noticed Jessica
  1717 | D:2      | Killed Jessica
  2413 | D:3      | Reached XP level 5. HP: 56/58 MP: 5/5
  2534 | D:3      | Found a radiant altar of Vehumet.
  2537 | D:3      | Found a glowing golden altar of the Shining One.
  2540 | D:3      | Found an ornate altar of the Wu Jian Council.
  3280 | D:4      | Reached skill level 6 in Fighting
  3542 | D:4      | Reached XP level 6. HP: 65/68 MP: 6/6
  3557 | D:4      | Reached skill level 7 in Fighting
  3831 | D:4      | Found a bloodstained altar of Trog.
  3931 | D:4      | Found a shattered altar of Ashenzari.
  4424 | D:4      | Reached XP level 7. HP: 43/78 MP: 7/7
  4490 | D:5      | Entered Level 5 of the Dungeon
  5001 | D:5      | Found a basalt altar of Yredelemnul.
  5025 | D:5      | Reached skill level 8 in Fighting
  5224 | D:5      | Reached skill level 1 in Spellcasting
  5308 | D:5      | Gained mutation: Your mind is acute. (Int +2) [potion of
                  | mutation]
  5308 | D:5      | Gained mutation: You are agile. (Dex +2) [potion of
                  | mutation]
  5308 | D:5      | Lost mutation: You are agile. (Dex +2) [potion of mutation]
  5308 | D:5      | Gained mutation: You are agile. (Dex +2) [potion of
                  | mutation]
  5483 | D:5      | Reached skill level 1 in Armour
  5483 | D:5      | Reached XP level 8. HP: 42/89 MP: 9/9
  5586 | D:5      | Found an iron altar of Okawaru.
  5606 | D:5      | Became a worshipper of Warmaster Okawaru
  5735 | D:5      | Reached skill level 9 in Fighting
  6048 | D:6      | Found an opulent altar of Gozag.
  6556 | D:5      | Found a white marble altar of Elyvilon.
  6632 | D:5      | Reached skill level 1 in Invocations
  6995 | D:7      | Reached skill level 5 in Dodging
  7008 | D:7      | Reached skill level 1 in Evocations
  7037 | D:7      | Reached skill level 10 in Fighting
  7175 | D:7      | Reached * piety under Okawaru
  7393 | D:7      | Noticed Harold
  7754 | D:7      | Found a staircase to the Ecumenical Temple.
  7852 | D:8      | Found a hazy altar of Hepliaklqana.
  7902 | D:8      | Reached XP level 9. HP: 102/102 MP: 10/10
  7907 | D:8      | Reached skill level 5 in Maces & Flails
  8106 | D:8      | Killed an unseen horror
  8106 | D:8      | Reached skill level 11 in Fighting
  8252 | D:8      | Noticed a two-headed ogre
  8277 | D:8      | Killed a two-headed ogre
  8277 | D:8      | Reached ** piety under Okawaru
  8277 | D:8      | Reached skill level 12 in Fighting
  8472 | D:8      | Reached XP level 10. HP: 78/115 MP: 11/13
  8564 | D:8      | Found a deep blue altar of Sif Muna.
  8565 | D:8      | Found a burning altar of Makhleb.
  8858 | D:8      | Noticed a two-headed ogre
  8866 | D:8      | Killed a two-headed ogre
  9246 | D:7      | Killed Harold
  9246 | D:7      | Reached *** piety under Okawaru
  9246 | D:7      | Reached skill level 13 in Fighting
  9544 | D:9      | Received a gift from Okawaru
  9976 | D:9      | Got a translucent granite ring
  9978 | D:9      | Identified the ring "Exiviz" {rElec rPois rC- Int+3} (You
                  | found it on level 9 of the Dungeon)
 10249 | D:9      | Found Ajigeot's Distillery.
 10252 | D:9      | Bought 2 potions of might for 120 gold pieces
 10252 | D:9      | Bought a potion of invisibility for 120 gold pieces
 10252 | D:9      | Bought a potion of haste for 150 gold pieces
 10419 | D:10     | Entered Level 10 of the Dungeon
 10419 | D:10     | Noticed Erolcha
 10483 | D:10     | Noticed Nergalle
 10498 | D:10     | Found a staircase to the Orcish Mines.
 10513 | D:10     | Reached **** piety under Okawaru
 10527 | D:9      | Received a gift from Okawaru
 10670 | D:9      | Reached skill level 5 in Invocations
 10718 | D:10     | Noticed a tengu warrior
 10721 | D:10     | Noticed a two-headed ogre
 10742 | D:10     | Noticed a two-headed ogre
 10763 | D:10     | Noticed Fannar
 10995 | D:11     | Noticed a cyclops
 11051 | D:11     | Found a large runed door.
 11051 | D:11     | Found a large runed door.
 11057 | D:11     | Noticed greentea's ghost (journeyman MiBe)
 11112 | D:11     | Killed a two-headed ogre
 11112 | D:11     | Reached skill level 14 in Fighting
 11112 | D:11     | Reached XP level 11. HP: 110/130 MP: 14/14
 11196 | D:11     | Killed a cyclops
 11450 | D:11     | Noticed a red ugly thing
 11484 | D:11     | Mangled by a red ugly thing

Skill      XL: |  1  2  3  4  5  6  7  8  9 10 |
---------------+-------------------------------+-----
Fighting       | 3 4 5 6 7 8 10 12 14 | 14.2
Maces & Flails | 3 4 5 6 |  6.6
Dodging        | 3 4 5 6 7 |  7.8
Spellcasting   | 1 |  1.0
Armour         | 1 |  1.0
Invocations    | 2 4 5 |  5.5
Evocations     | 1 |  1.0
Throwing       | 3 4 |  4.6

Action                   |  1- 3 |  4- 6 |  7- 9 | 10-12 || total
-------------------------+-------+-------+-------+-------++-------
Melee: Flail             |   116 |    71 |     4 |       ||   191
       Hand axe          |       |   109 |   236 |    65 ||   410
       Spear             |       |       |    11 |    19 ||    30
       Falchion          |       |       |     5 |     9 ||    14
       Short sword       |       |       |       |    56 ||    56
       Giant spiked club |       |       |       |     3 ||     3
Throw: Throwing net      |       |     3 |       |     1 ||     4
       Javelin           |       |       |    15 |    11 ||    26
       Large rock        |       |       |       |     3 ||     3
Evoke: Wand              |       |       |     8 |    33 ||    41
  Use: Potion            |       |     1 |     7 |     2 ||    10
       Scroll            |       |       |    15 |     6 ||    21
 Stab: Sleeping          |     1 |     1 |       |     1 ||     3
       Paralysed         |       |       |     5 |     3 ||     8
  Eat: Chunk             |     2 |     9 |     7 |     9 ||    27
       Ration            |       |       |     2 |       ||     2
Armor: Robe              |    39 |    52 |    52 |    24 ||   167
Dodge: Dodged            |    74 |   110 |   136 |   116 ||   436
       Rpst.: Falchion   |       |       |     2 |     2 ||     4
